 Dungeon Sprint DCSS version 0.23.1 (webtiles) character file.

Game seed: 10014453494057059190

10549 wilfster70 the Fighter (level 11, -4/111 HPs)
             Began as a Minotaur Monk on Mar 7, 2019.
             Was the Champion of Cheibriados.
             Slain by a reaper
             ... wielding a +4 scythe of protection
             ... summoned by a greater mummy's death curse
              (13 damage)
             ... in the Dungeon (Sprint V: "Ziggurat Sprint").
             The game lasted 00:07:47 (744 turns).

wilfster70 the Fighter (Minotaur Monk)               Turns: 744, Time: 00:07:48

Health: -4/111     AC: 27    Str: 37    XL:     11   Next: 37%
Magic:  14/16      EV: 16    Int: 27    God:    Cheibriados [******]
Gold:   0          SH: 26    Dex: 28    Spells: 10/10 levels left

rFire    + + .     SeeInvis .   a - +8 lance "Wyrmbane" {slay drac, rPois rF+ rC+ AC+3}
rCold    + + .     Gourm    .   v - +3 large shield
rNeg     . . .     Faith    .   w - +5 gold dragon scales
rPois    +         Spirit   .   (helmet restricted)
rElec    +         Reflect  .   (no cloak)
rCorr    .         Harm     .   (no gloves)
MR       .....     NoTele   +   (no boots)
Stlth    ..........             (no amulet)
HPRegen  0.28/turn              B - +6 ring of strength
MPRegen  0.15/turn              F - ring "Futhragu" {+Fly rElec Int+2}

@: slowed, studying 2 skills, very slow
A: retaliatory headbutt, horns 2
a: Bend Time, Temporal Distortion, Slouch, Step From Time, Renounce Religion,
Evoke Flight


You were in the Dungeon.
You worshipped Cheibriados.
Cheibriados was exalted by your worship.
You were not hungry.

You visited 1 branch

Inventory:

Hand Weapons
 a - the +8 lance "Wyrmbane" (weapon) {slay drac, rPois rF+ rC+ AC+3}
   (You found it in the Dungeon)

   It affects your AC (+3).
   It protects you from fire.
   It protects you from cold.
   It protects you from poison.
Armour
 b - a +0 robe
 v - a +3 large shield (worn)
 w - +5 gold dragon scales (worn)
Jewellery
 B - a +6 ring of strength (left hand)
 F - the ring "Futhragu" (right hand) {+Fly rElec Int+2}
   (You found it in the Dungeon)

   [ring of flight]

   It affects your intelligence (+2).
   It insulates you from electricity.
   It lets you fly.
Wands
 f - a wand of disintegration (7)
 h - a wand of iceblast (7)
 m - a wand of acid (7)
Scrolls
 i - 4 scrolls of blinking
 p - 4 scrolls of amnesia
 q - 7 scrolls of fog
 r - a scroll of holy word
 s - 5 scrolls of identify
 t - 5 scrolls of remove curse
 u - 2 scrolls of fear
Potions
 d - 10 potions of curing
 e - 11 potions of heal wounds
 g - 6 potions of magic
 j - 2 potions of brilliance
 k - 2 potions of invisibility
 l - 4 potions of resistance
 n - 5 potions of agility
 o - 6 potions of might
Books
 x - a manual of Stealth
 E - a manual of Unarmed Combat
Miscellaneous
 y - a box of beasts
Comestibles
 c - 7 rations
 D - 3 chunks of flesh


   Skills:
 + Level 14.9 Fighting
   Level 4.2 Long Blades
   Level 3.6(8.6) Axes
 - Level 11.9(12.1) Polearms
 + Level 14.5 Armour
 + Level 13.3 Dodging
 - Level 1.5 Stealth
 + Level 12.0 Shields
 - Level 8.0 Invocations
 + Level 8.1 Evocations


You had 10 spell levels left.
You didn't know any spells.
Your spell library was empty.

Dungeon Overview and Level Annotations

Branches:
Dungeon (1/1)

Altars:
Ashenzari
Cheibriados
Dithmenos
Elyvilon
Fedhas
Gozag
Hepliaklqana
Kikubaaqudgha
Makhleb
Nemelex Xobeh
Okawaru
Qazlal
Ru
Sif Muna
Trog
Uskayaw
Vehumet
Wu Jian
Xom
Yredelemnul
Zin
The Shining One
Beogh
Jiyva
Lugonu

Annotations:
D 1 transporter


Innate Abilities, Weirdness & Mutations

You reflexively headbutt those who attack you in melee.
You have a pair of horns on your head.


Message History

The reaper is moderately wounded.
You block the reaper's attack.
You hit the reaper.
The reaper is moderately wounded.
You block the reaper's attack.
You closely miss the reaper. You headbutt the reaper!!
The reaper is heavily wounded.
You block the reaper's attack. x2
You puncture the reaper! Your headbutt misses the reaper.
The reaper is severely wounded.
You hit the reaper but do no damage. You headbutt the reaper!!
The reaper is almost dead.
The reaper hits you but does no damage.
You puncture the reaper!
You kill the reaper!
The reaper hits you from afar with a +4 scythe of protection!!
* * * LOW HITPOINT WARNING * * *
You block the reaper's attack.
The reaper hits you with a +4 scythe of protection!
You die...

▓▓▓▓▓▓▓▓▓
▓..8©8..▓
▓..".)..▓
▓..|=[..▓
▓.......▓
▓.......▓
▓.......▓
▓.......▓
▓.▓.@2▓.▓
▓†.†©...▓
▓▓▓▓▓▓▓▓▓


You could see a reaper.

Vanquished Creatures
  A greater mummy (D)
  A tentacled starspawn (D)
  2 two-headed ogres (D)
  2 death scarabs (D)
  A thrashing horror (D)
  A mana viper (D)
  A guardian mummy (D)
  A water moccasin (D)
  3 necrophages (D)
  A phantom (D)
  An ogre (D)
  2 quasits (D)
  An iron imp (D)
  An orc wizard (D)
  An orc priest (D)
  A mummy (D)
  3 shadow imps (D)
  A white imp (D)
  An adder skeleton (D)
  A bat skeleton (D)
  3 ball pythons (D)
  A starspawn tentacle (D)
31 creatures vanquished.

Vanquished Creatures (others)
  2 starspawn tentacles (D)
2 creatures vanquished.

Grand Total: 33 creatures vanquished

Notes
Turn   | Place    | Note
-------+----------+-------------------------------------------
     0 | D        | Found the +6 Majin-Bo {vamp, Archmagi MP+6 Int+6}
     0 | D        | Found the +7 great mace "Firestarter" {inner flame, rF++}
     0 | D        | wilfster70 the Minotaur Monk began the quest for the Orb.
     0 | D        | Reached XP level 1. HP: 19/19 MP: 0/0
     0 | D        | Found a deep blue altar of Sif Muna.
     0 | D        | Found a bloodstained altar of Trog.
     0 | D        | Found a sacrificial altar of Ru.
     0 | D        | Found a stormy altar of Qazlal.
     0 | D        | Found an iron altar of Okawaru.
     2 | D        | Found a sparkling altar of Nemelex Xobeh.
     3 | D        | Found a blossoming altar of Fedhas.
     5 | D        | Found a transporter.
     5 | D        | Found an ancient bone altar of Kikubaaqudgha.
     5 | D        | Found a viscous altar of Jiyva.
     5 | D        | Found a corrupted altar of Lugonu.
     5 | D        | Found a hazy altar of Hepliaklqana.
     5 | D        | Found a burning altar of Makhleb.
     5 | D        | Found an opulent altar of Gozag.
    16 | D        | Became a worshipper of Cheibriados the Contemplative
    16 | D        | Reached * piety under Cheibriados
    16 | D        | Reached ** piety under Cheibriados
    52 | D        | Reached skill level 5 in Fighting
    52 | D        | Reached XP level 2. HP: 30/30 MP: 1/1
    66 | D        | Found the +9 heavy crossbow "Sniper" {velocity, Acc+∞ SInv}
    66 | D        | Found the +10 dark maul {crush}
    66 | D        | Found the +15 Maxwell's patent armour {-Cast -Tele rElec
                  | MR+ rCorr}
    66 | D        | Found the +18 shield of the Gong {rElec rN+ MR+ EV-5}
    66 | D        | Found the cursed +14 obsidian axe {chop, +Fly SInv *Curse}
    67 | D        | Found the +6 shillelagh "Devastator" {shatter}
    67 | D        | Found the +11 plutonium sword {*Contam Stlth-}
    67 | D        | Found the +8 lance "Wyrmbane" {slay drac, rPois rF+ rC+
                  | AC+3}
    67 | D        | Found the +9 sword of Zonguldrok {reap}
    67 | D        | Found the cursed +13 scythe of Curses {drain, *Curse}
    67 | D        | Found the +0 sword of Power
    67 | D        | Found the +7 mace of Variability {chain chaos}
    67 | D        | Found the +7 Singing Sword {slice, sonic wave}
    67 | D        | Found the +7 longbow "Piercer" {penet, EV-2}
    92 | D        | Entered arena 2.
    92 | D        | Found a transporter.
    93 | D        | Identified the +6 falchion "Ilubumo" {drain, *Corrode rPois
                  | Str+5 Int+4 SInv}
    95 | D        | Reached skill level 1 in Polearms
    95 | D        | Reached skill level 1 in Invocations
    95 | D        | Reached XP level 3. HP: 37/37 MP: 1/3
    97 | D        | Reached skill level 5 in Armour
   212 | D        | Entered arena 3.
   212 | D        | Noticed a two-headed ogre
   212 | D        | Noticed an ogre
   212 | D        | Noticed a two-headed ogre
   212 | D        | Found a transporter.
   227 | D        | Killed a two-headed ogre
   227 | D        | Reached XP level 4. HP: 20/51 MP: 3/7
   227 | D        | Reached XP level 5. HP: 23/58 MP: 3/8
   227 | D        | Reached XP level 6. HP: 26/66 MP: 3/9
   227 | D        | Reached XP level 7. HP: 28/71 MP: 3/10
   228 | D        | Killed a two-headed ogre
   228 | D        | Reached *** piety under Cheibriados
   228 | D        | Reached skill level 10 in Fighting
   228 | D        | Reached skill level 10 in Armour
   228 | D        | Reached XP level 8. HP: 33/81 MP: 3/12
   441 | D        | Entered arena 4.
   441 | D        | Found a transporter.
   444 | D        | Reached **** piety under Cheibriados
   584 | D        | Entered arena 5.
   584 | D        | Found a transporter.
   588 | D        | Reached ***** piety under Cheibriados
   612 | D        | Entered arena 6.
   612 | D        | Found a transporter.
   613 | D        | Found the +8 Wrath of Trog {antimagic, *Rage}
   616 | D        | Reached skill level 5 in Shields
   620 | D        | Reached ****** piety under Cheibriados
   622 | D        | Reached skill level 10 in Polearms
   625 | D        | Reached XP level 9. HP: 86/89 MP: 14/14
   632 | D        | Got the ring "Futhragu" {+Fly rElec Int+2}
   644 | D        | Entered arena 7.
   644 | D        | Noticed a thrashing horror
   644 | D        | Noticed a mana viper
   644 | D        | Noticed a tentacled starspawn
   645 | D        | Killed a thrashing horror
   645 | D        | Reached skill level 10 in Dodging
   646 | D        | Killed a mana viper
   648 | D        | Found a transporter.
   652 | D        | Killed a tentacled starspawn
   652 | D        | Reached XP level 10. HP: 97/101 MP: 5/15
   712 | D        | Entered arena 8.
   712 | D        | Noticed a greater mummy
   712 | D        | Noticed a death scarab
   712 | D        | Noticed a death scarab
   713 | D        | Found the +10 zealot's sword {holy, *Rage rN+ EV+3}
   714 | D        | Noticed a death scarab
   714 | D        | Noticed a death scarab
   714 | D        | Noticed a death scarab
   714 | D        | Noticed a death scarab
   717 | D        | Noticed a death scarab
   718 | D        | Noticed an emperor scorpion
   718 | D        | Noticed an emperor scorpion
   718 | D        | Noticed an emperor scorpion
   718 | D        | Noticed an emperor scorpion
   719 | D        | Killed a death scarab
   719 | D        | Reached skill level 5 in Evocations
   719 | D        | Killed a death scarab
   721 | D        | Reached skill level 10 in Shields
   721 | D        | Noticed a reaper
   722 | D        | Noticed a death scarab
   722 | D        | Noticed a death scarab
   722 | D        | Noticed a death scarab
   722 | D        | Noticed a death scarab
   722 | D        | Noticed a death scarab
   731 | D        | Noticed a death scarab
   731 | D        | Noticed a death scarab
   735 | D        | Killed a greater mummy
   735 | D        | Reached XP level 11. HP: 41/111 MP: 12/16
   735 | D        | Noticed a reaper
   736 | D        | Found a transporter.
   744 | D        | Slain by a reaper

Skill      XL: |  1  2  3  4  5  6  7  8  9 10 |
---------------+-------------------------------+-----
Fighting       | 5 6 9 10 11 13 14 | 14.9
Long Blades    | 4 |  4.2
Armour         | 4 9 10 12 14 | 14.5
Shields        | 4 5 9 12 | 12.0
Polearms       | 1 7 9 10 11 | 11.9
Invocations    | 1 6 7 8 |  8.0
Dodging        | 8 9 11 13 | 13.3
Evocations     | 4 8 |  8.1
Axes           | |  3.6
Stealth        | |  1.5

Action                   |  1- 3 |  4- 6 |  7- 9 | 10-12 || total
-------------------------+-------+-------+-------+-------++-------
Melee: Lance             |    17 |       |    36 |    22 ||    75
       Headbutt          |     7 |       |    14 |     8 ||    29
Invok: Slouch            |       |       |     2 |     4 ||     6
  Use: Potion            |     2 |       |       |     3 ||     5
Armor: Gold dragon scale |    12 |       |     3 |    13 ||    28
Dodge: Dodged            |     5 |       |     5 |     7 ||    17
Block: Large shield      |    28 |       |    33 |    44 ||   105
